Punishers vs Inferno

Created - April 9, 2020 at 19:07

Goals
1 2 3 T
Punishers 2 2 0 4
Inferno 0 3 3 6
Shots
1 2 3 T
Punishers 18 12 6 36
Inferno 8 13 11 32

1st period

1. Punishers , Robbie Earl 33 (Miikka Salomaki 38, Keith Yandle 18) at 15:49
2. Punishers , Andreas Athanasiou 21 (Elias Lindholm 18, Carter Ashton 35) at 17:34

Penalties :
Robbie Earl (Pro) for Hooking (Minor) at 2:16, Carter Ashton (Pro) for Hooking (Minor) at 18:15

2nd period

3. Inferno , Matt Kassian 14 (Victor Rask 18, Tyler Shattock 10) at 2:18
4. Punishers , Slava Voynov 6 (Miikka Salomaki 39) at 6:35
5. Punishers , Carter Ashton 19 (Keith Yandle 19, Elias Lindholm 19) at 14:29
6. Inferno , Esa Lindell 14 (Tanner Pearson 48) at 16:38
7. Inferno , Victor Rask 17 (Matt Kassian 17, Frank Corrado 4) at 19:57

Penalties :
Matthew Nieto (Anc) for Roughing (Minor) at 17:17

3rd period

8. Inferno , Philip Varone 17 (Matthew Nieto 23) at 13:00
9. Inferno , Tanner Pearson 39 (David Savard 33, Jimmy Hayes 32) at 14:03
10. Inferno , Kevin Labanc 27 (Philip Varone 20, David Savard 34) at 17:38

Penalties :
Radek Faksa (Pro) for Hooking (Minor) at 1:41, Christian Folin (Anc) for Close Hand On Puck (Minor) at 6:22

Goalie Stats

Louis Domingue (Pro), 26 saves from 32 shots - (0.813), L, 25-24-2, 60:00 minutes
Christopher Gibson (Anc), 32 saves from 36 shots - (0.889), W, 23-17-2, 60:00 minutes

Players Stats for Punishers

Player Name              G  A  P  +/- PIM S  H  SB GA TA FO     MP     PP MP  PK MP  
------------------------------------------------------------------------------------
Alex Schoenborn          0  0  0   0  0   0  0  0  0  0  1/1     1:20   0:00   1:20 
Andreas Athanasiou       1  0  1   0  0   4  0  0  0  0  1/2    18:13   1:45   2:13 
Anton Blidh              0  0  0   0  0   0  0  0  0  0  0/0     0:14   0:14   0:00 
Austen Brassard          0  0  0  -1  0   0  2  0  0  0  0/0    12:31   0:00   0:00 
Ben Betker               0  0  0   0  0   1  0  0  0  1  0/0    14:40   0:00   0:00 
Brett Kulak              0  0  0   0  0   0  1  1  0  1  0/0    20:53   1:37   2:06 
Carter Ashton            1  1  2   0  2   4  3  1  1  0  2/3    16:40   1:45   1:04 
Daniel Audette           0  0  0  -1  0   0  0  0  0  0  0/3     6:19   0:00   0:00 
Elias Lindholm           0  2  2   0  0   1  2  0  0  0  10/17  14:55   1:45   0:00 
John Macfarland          0  0  0   0  0   0  0  0  0  0  0/0     2:13   0:14   0:46 
John Quenneville         0  0  0  -1  0   0  1  0  1  0  2/7    12:31   0:00   0:00 
Keith Yandle             0  2  2  -2  0   0  1  1  1  3  0/0    27:51   2:21   3:51 
Madison Bowey            0  0  0  -1  0   0  0  2  1  1  0/0    23:24   1:37   2:06 
Michael Joly             0  0  0  -1  0   1  0  0  0  0  0/0     6:19   0:00   0:00 
Miikka Salomaki          0  2  2   0  0   6  2  0  1  0  2/2    22:25   1:59   3:01 
Nikita Gusev             0  0  0  -1  0   1  0  0  0  0  0/0     6:19   0:00   0:00 
Radek Faksa              0  0  0   0  2   1  1  0  0  0  12/21  21:35   1:59   1:07 
Robbie Earl              1  0  1   0  2   9  3  0  2  0  0/4    22:40   2:13   2:23 
Slava Voynov             1  0  1  -1  0   3  5  1  0  1  0/0    30:27   2:21   3:51 
Tyler Bertuzzi           0  0  0  -1  0   5  4  0  2  0  1/1    12:31   0:00   0:00 

Players Stats for Inferno

Player Name              G  A  P  +/- PIM S  H  SB GA TA FO     MP     PP MP  PK MP  
------------------------------------------------------------------------------------
Anders Lee               0  0  0  -1  0   4  3  0  2  0  13/32  20:57   4:22   0:10 
Barclay Goodrow          0  0  0   0  0   1  2  0  0  0  0/0     7:48   0:00   0:00 
Christian Folin          0  0  0   2  2   2  1  0  1  1  0/0    18:09   2:36   0:00 
Colby Robak              0  0  0   0  0   0  0  0  2  2  0/0    24:12   2:36   2:23 
David Savard             0  2  2   0  0   1  0  1  1  2  0/0    23:53   0:00   2:23 
Esa Lindell              1  0  1   0  0   3  0  0  0  0  0/0    18:42   3:21   1:35 
Frank Corrado            0  1  1   2  0   0  0  0  0  0  0/0    14:11   0:00   0:02 
Jimmy Hayes              0  1  1  -1  0   2  2  1  0  1  1/1    19:07   0:00   2:22 
Kevin Labanc             1  0  1   1  0   2  2  0  1  0  0/0    19:34   4:22   0:45 
Mathieu Brodeur          0  0  0   0  0   0  1  1  0  1  0/0    20:53   3:21   1:33 
Matt Kassian             1  1  2   2  0   5  2  1  0  0  1/1    11:32   0:00   0:51 
Matthew Nieto            0  1  1   1  2   1  0  1  0  1  0/0    17:37   1:35   0:25 
Peter Cehlarik           0  0  0   0  0   0  0  0  0  0  0/0     7:48   0:00   0:00 
Philip Varone            1  1  2   1  0   3  1  0  0  0  7/13   17:05   0:00   2:19 
Ryan Spooner             0  0  0   0  0   0  0  0  0  0  0/0     7:48   0:00   0:00 
Tanner Pearson           1  1  2  -1  0   4  0  0  0  1  0/1    20:33   4:22   0:13 
Tyler Shattock           0  1  1   2  0   0  3  1  0  0  0/0    12:40   1:35   0:00 
Victor Rask              1  1  2   2  0   4  1  1  0  0  8/13   13:31   1:35   0:51 

3 Stars

1 - Matt Kassian (Anc)
2 - Victor Rask (Anc)
3 - Philip Varone (Anc)

Power Play

Punishers - 0 on 2 Attempt(s) - 0.00%
Inferno - 0 on 3 Attempt(s) - 0.00%

Penalty Kill

Punishers - 3 on 3 Attempt(s) - 100.00% - Score 0 goal in Penalty Kill
Inferno - 2 on 2 Attempt(s) - 100.00% - Score 0 goal in Penalty Kill

Team Stat

Punishers - Hits : 25 - Faceoff Wins : 31 - Blocked Shots : 6 - Penalty Minutes : 6
Inferno - Hits : 18 - Faceoff Wins : 30 - Blocked Shots : 7 - Penalty Minutes : 4

Official

Referees : Unknown
Linesman : Unknown

Game Notes

13:35 of 3rd period - Inferno goal is going for a video replay. After video review, No Goal. The referee deems the play has been stopped, even if he had not physically had the opportunity to stop play by blowing his whistle.
14:03 of 3rd period - Inferno goal is going for a video replay. After video review, Goal.

Finance

Level 1 -- Attendance: 1396 (69.80%) -- Ticket Income $55,840
Level 2 -- Attendance: 646 (64.60%) -- Ticket Income $12,920
Total Attendance: 2042 (68.07%)
Total Ticket Income: $68,760
Other Income: $3,438
Total Income: $72,198

Punishers

5 vs 5 Forward 
   Center                   Left Wing                Right Wing               Time % Phy DF OF 
 1 Radek Faksa              Robbie Earl              Miikka Salomaki          40     1   2  2  
 2 Elias Lindholm           Andreas Athanasiou       Carter Ashton            30     1   2  2  
 3 John Quenneville         Tyler Bertuzzi           Austen Brassard          20     1   2  2  
 4 Daniel Audette           Nikita Gusev             Michael Joly             10     1   2  2  

5 vs 5 Defense 
   Defense                  Defense                                           Time % Phy DF OF 
 1 Slava Voynov             Keith Yandle                                      40     1   2  2  
 2 Madison Bowey            Brett Kulak                                       30     1   2  2  
 3 Ben Betker               Slava Voynov                                      20     1   2  2  
 4 Keith Yandle             Madison Bowey                                     10     1   2  2  

PowerPlay Forward 
   Center                   Left Wing                Right Wing               Time % Phy DF OF 
 1 Radek Faksa              Robbie Earl              Miikka Salomaki          60     1   2  2  
 2 Elias Lindholm           Andreas Athanasiou       Carter Ashton            40     1   2  2  

PowerPlay Defense
   Defense                  Defense                                           Time % Phy DF OF 
 1 Slava Voynov             Keith Yandle                                      60     1   2  2  
 2 Madison Bowey            Brett Kulak                                       40     1   2  2  

Penalty Kill 4 Players Forward 
   Center                   Wing                     Time % Phy DF OF 
 1 Robbie Earl              Miikka Salomaki          60     1   2  2  
 2 Andreas Athanasiou       Carter Ashton            40     1   2  2  

Penalty Kill 4 Players Defense
   Defense                  Defense                  Time % Phy DF OF 
 1 Slava Voynov             Keith Yandle             60     1   2  2  
 2 Madison Bowey            Brett Kulak              40     1   2  2  

Penalty Kill - 3 Players Forward 
   Forward                                           Time % Phy DF OF 
 1 Robbie Earl                                       60     1   2  2  
 2 Miikka Salomaki                                   40     1   2  2  

Penalty Kill - 3 Players Defense
   Defense                  Defense                  Time % Phy DF OF 
 1 Slava Voynov             Keith Yandle             60     1   2  2  
 2 Madison Bowey            Brett Kulak              40     1   2  2  

4 vs 4 Forward 
   Center                   Wing                     Time % Phy DF OF 
 1 Robbie Earl              Miikka Salomaki          60     1   2  2  
 2 Andreas Athanasiou       Carter Ashton            40     1   2  2  

4 vs 4 Defense
   Defense                  Defense                  Time % Phy DF OF 
 1 Slava Voynov             Keith Yandle             60     1   2  2  
 2 Madison Bowey            Brett Kulak              40     1   2  2  

Last Minutes Offensive
   Center                   Left Wing                Right Wing               Defense                  Defense                  
   Radek Faksa              Robbie Earl              Miikka Salomaki          Slava Voynov             Keith Yandle             

Last Minutes Defensive
   Center                   Left Wing                Right Wing               Defense                  Defense                  
   Radek Faksa              Robbie Earl              Miikka Salomaki          Slava Voynov             Keith Yandle             

Goaltenders
Starting : Louis Domingue           
Backup : Daniel Altshuller        

Extra Forwards
Normal : John Macfarland, Anton Blidh, Alex Schoenborn - PP : John Macfarland, Anton Blidh - PK : Alex Schoenborn
Extra Defensemen
Normal : Ben Betker, Brett Kulak, Slava Voynov - PP : Ben Betker - PK : Brett Kulak, Slava Voynov
Penalty Shots
Robbie Earl, Miikka Salomaki, Andreas Athanasiou, Carter Ashton, Radek Faksa

Scratches
Zack Hamill (Healthy), Ivan Nalimov (Healthy)

Inferno

5 vs 5 Forward 
   Center                   Left Wing                Right Wing               Time % Phy DF OF 
 1 Anders Lee               Tanner Pearson           Jimmy Hayes              40     1   2  2  
 2 Philip Varone            Matthew Nieto            Kevin Labanc             30     1   2  2  
 3 Victor Rask              Matt Kassian             Tyler Shattock           20     1   2  2  
 4 Ryan Spooner             Peter Cehlarik           Barclay Goodrow          10     1   2  2  

5 vs 5 Defense 
   Defense                  Defense                                           Time % Phy DF OF 
 1 Colby Robak              David Savard                                      40     1   2  2  
 2 Mathieu Brodeur          Esa Lindell                                       30     1   2  2  
 3 Frank Corrado            Christian Folin                                   20     1   2  2  
 4 Mathieu Brodeur          David Savard                                      10     1   2  2  

PowerPlay Forward 
   Center                   Left Wing                Right Wing               Time % Phy DF OF 
 1 Anders Lee               Tanner Pearson           Kevin Labanc             60     1   2  2  
 2 Victor Rask              Matthew Nieto            Tyler Shattock           40     1   2  2  

PowerPlay Defense
   Defense                  Defense                                           Time % Phy DF OF 
 1 Colby Robak              Christian Folin                                   60     1   2  2  
 2 Mathieu Brodeur          Esa Lindell                                       40     1   2  2  

Penalty Kill 4 Players Forward 
   Center                   Wing                     Time % Phy DF OF 
 1 Philip Varone            Jimmy Hayes              60     1   2  2  
 2 Victor Rask              Matt Kassian             40     1   2  2  

Penalty Kill 4 Players Defense
   Defense                  Defense                  Time % Phy DF OF 
 1 Colby Robak              David Savard             60     1   2  2  
 2 Mathieu Brodeur          Esa Lindell              40     1   2  2  

Penalty Kill - 3 Players Forward 
   Forward                                           Time % Phy DF OF 
 1 Jimmy Hayes                                       60     1   2  2  
 2 Anders Lee                                        40     1   2  2  

Penalty Kill - 3 Players Defense
   Defense                  Defense                  Time % Phy DF OF 
 1 Colby Robak              David Savard             60     1   2  2  
 2 Mathieu Brodeur          Esa Lindell              40     1   2  2  

4 vs 4 Forward 
   Center                   Wing                     Time % Phy DF OF 
 1 Anders Lee               Tanner Pearson           60     1   2  2  
 2 Philip Varone            Jimmy Hayes              40     1   2  2  

4 vs 4 Defense
   Defense                  Defense                  Time % Phy DF OF 
 1 Colby Robak              David Savard             60     1   2  2  
 2 Mathieu Brodeur          Esa Lindell              40     1   2  2  

Last Minutes Offensive
   Center                   Left Wing                Right Wing               Defense                  Defense                  
   Anders Lee               Tanner Pearson           Jimmy Hayes              Colby Robak              David Savard             

Last Minutes Defensive
   Center                   Left Wing                Right Wing               Defense                  Defense                  
   Anders Lee               Tanner Pearson           Jimmy Hayes              Colby Robak              David Savard             

Goaltenders
Starting : Christopher Gibson       
Backup : Michael Hutchinson       

Extra Forwards
Normal : Jimmy Hayes, Kevin Labanc, Matthew Nieto - PP : Matthew Nieto, Kevin Labanc - PK : Kevin Labanc
Extra Defensemen
Normal : Esa Lindell, Mathieu Brodeur, Christian Folin - PP : Esa Lindell - PK : Mathieu Brodeur, Christian Folin
Penalty Shots
Anders Lee, Tanner Pearson, Jimmy Hayes, Victor Rask, Kevin Labanc

Scratches
Chris Brown (Healthy), Trevor Carrick (Healthy), Petteri Lindbohm (Healthy), Bryan Rust (Fractured Bone in Left Hand Injury), Eric Karlsson (Healthy)
John Gilmour (Healthy), Vladimir Sobotka (Sprained Right Knee Injury), Ryan Donato (Healthy), Vladislav Kamenev (Healthy), Dominik Masin (Healthy)
Brandon Hickey (Healthy), Greg Pateryn (Healthy), Nathan Lieuwen (Healthy), Vitek Vanecek (Healthy)

% Time on Ice - Punishers

Lines # - Real PCT - Wanted PCT - Time Play
Normal Forward
1 - 35% - 40% - 17:25
2 - 28% - 30% - 13:50
3 - 25% - 20% - 12:31
4 - 13% - 10% - 6:19
Normal Defense
1 - 36% - 40% - 17:56
2 - 34% - 30% - 17:02
3 - 21% - 20% - 10:43
4 - 9% - 10% - 4:24
PP Forward
1 - 56% - 60% - 2:13
2 - 44% - 40% - 1:45
PP Defense
1 - 59% - 60% - 2:21
2 - 41% - 40% - 1:37
PK Forward
1 - 74% - 60% - 4:23
2 - 26% - 40% - 1:34
PK Defense
1 - 65% - 60% - 3:51
2 - 35% - 40% - 2:06
PK3 Forward
1 - 0% - 60%
2 - 0% - 40%
PK3 Defense
1 - 0% - 60%
2 - 0% - 40%
44 Forward
1 - 0% - 60%
2 - 0% - 40%
44 Defense
1 - 0% - 60%
2 - 0% - 40%
Last Minute Offensive  - 0:00
Last Minute Defensive  - 0:00
Total
Forward - 60:00
Defense - 60:00

% Time on Ice - Inferno

Lines # - Real PCT - Wanted PCT - Time Play
Normal Forward
1 - 33% - 40% - 16:26
2 - 30% - 30% - 15:10
3 - 21% - 20% - 10:41
4 - 16% - 10% - 7:48
Normal Defense
1 - 38% - 40% - 19:14
2 - 27% - 30% - 13:45
3 - 28% - 20% - 14:08
4 - 6% - 10% - 2:58
PP Forward
1 - 73% - 60% - 4:22
2 - 27% - 40% - 1:35
PP Defense
1 - 44% - 60% - 2:36
2 - 56% - 40% - 3:21
PK Forward
1 - 79% - 60% - 3:07
2 - 21% - 40% - 0:51
PK Defense
1 - 61% - 60% - 2:25
2 - 39% - 40% - 1:33
PK3 Forward
1 - 0% - 60%
2 - 0% - 40%
PK3 Defense
1 - 0% - 60%
2 - 0% - 40%
44 Forward
1 - 0% - 60%
2 - 0% - 40%
44 Defense
1 - 0% - 60%
2 - 0% - 40%
Last Minute Offensive  - 0:00
Last Minute Defensive  - 0:00
Total
Forward - 60:00
Defense - 60:00

Play-by-Play

1st period


0:01 of 1st period - Anders Lee wins face-off versus Radek Faksa in neutral zone.
0:35 of 1st period - Slapshot by Robbie Earl.
0:35 of 1st period - Stopped by Christopher Gibson without a rebound.
0:36 of 1st period - Philip Varone wins face-off versus Elias Lindholm in Inferno zone.
0:51 of 1st period - Slapshot by Christian Folin.
0:51 of 1st period - Stopped by Louis Domingue with a rebound.
1:03 of 1st period - Snap shot by Nikita Gusev.
1:03 of 1st period - Shot Misses the Net.
1:25 of 1st period - Frank Corrado is hit by Tyler Bertuzzi and loses puck.
1:58 of 1st period - Slapshot by Christian Folin.
1:58 of 1st period - Shot Misses the Net.
2:04 of 1st period - Madison Bowey is hit by Barclay Goodrow and loses puck.
2:16 of 1st period - Minor Penalty to Robbie Earl for Hooking.
2:17 of 1st period - Alex Schoenborn wins face-off versus Anders Lee in Punishers zone.
2:17 of 1st period - Alex Schoenborn is hit by Kevin Labanc.
2:30 of 1st period - Wrist shot by Tanner Pearson.
2:30 of 1st period - Stopped by Louis Domingue with a rebound.
4:00 of 1st period - Snap shot by Anders Lee.
4:00 of 1st period - Shot Misses the Net.
4:02 of 1st period - Wrist shot by Kevin Labanc.
4:02 of 1st period - Shot Misses the Net.
4:04 of 1st period - Slapshot by Mathieu Brodeur.
4:04 of 1st period - Shot Misses the Net.
4:06 of 1st period - Slapshot by Mathieu Brodeur.
4:06 of 1st period - Shot Blocked by Slava Voynov.
4:08 of 1st period - Slapshot by Esa Lindell.
4:08 of 1st period - Stopped by Louis Domingue with a rebound.
4:12 of 1st period - Wrist shot by Anders Lee.
4:12 of 1st period - Stopped by Louis Domingue without a rebound.
4:13 of 1st period - Andreas Athanasiou wins face-off versus Victor Rask in Punishers zone.
4:16 of 1st period - Penalty to Robbie Earl is over, Robbie Earl is back on ice.
4:25 of 1st period - Wrist shot by Victor Rask.
4:25 of 1st period - Stopped by Louis Domingue with a rebound.
4:37 of 1st period - Snap shot by Robbie Earl.
4:37 of 1st period - Stopped by Christopher Gibson with a rebound.
4:43 of 1st period - Robbie Earl is hit by Barclay Goodrow and loses puck.
5:09 of 1st period - Off-side.
5:10 of 1st period - Victor Rask wins face-off versus Daniel Audette in neutral zone.
5:45 of 1st period - Matt Kassian is hit by Tyler Bertuzzi and loses puck.
6:02 of 1st period - Matthew Nieto is hit by Miikka Salomaki and loses puck.
7:19 of 1st period - Snap shot by Carter Ashton.
7:19 of 1st period - Shot Hit the Post.
7:48 of 1st period - Wrist shot by Miikka Salomaki.
7:48 of 1st period - Stopped by Christopher Gibson with a rebound.
7:50 of 1st period - Wrist shot by Slava Voynov.
7:50 of 1st period - Stopped by Christopher Gibson with a rebound.
7:56 of 1st period - Slapshot by Tyler Bertuzzi.
7:56 of 1st period - Stopped by Christopher Gibson with a rebound.
7:58 of 1st period - Snap shot by Tyler Bertuzzi.
7:58 of 1st period - Shot Misses the Net.
8:18 of 1st period - David Savard is hit by John Quenneville and loses puck.
8:23 of 1st period - Snap shot by Tyler Bertuzzi.
8:23 of 1st period - Stopped by Christopher Gibson without a rebound.
8:24 of 1st period - Radek Faksa wins face-off versus Victor Rask in Inferno zone.
8:25 of 1st period - Wrist shot by Miikka Salomaki.
8:25 of 1st period - Deflect By Robbie Earl.
8:25 of 1st period - Stopped by Christopher Gibson with a rebound.
9:10 of 1st period - Snap shot by Anders Lee.
9:10 of 1st period - Stopped by Louis Domingue with a rebound.
9:18 of 1st period - Slapshot by Nikita Gusev.
9:18 of 1st period - Stopped by Christopher Gibson with a rebound.
9:20 of 1st period - Slapshot by Ben Betker.
9:20 of 1st period - Shot Misses the Net.
9:32 of 1st period - Wrist shot by Robbie Earl.
9:32 of 1st period - Shot Misses the Net.
9:52 of 1st period - Wrist shot by Tyler Bertuzzi.
9:52 of 1st period - Stopped by Christopher Gibson without a rebound.
9:53 of 1st period - Radek Faksa wins face-off versus Victor Rask in Inferno zone.
9:58 of 1st period - Snap shot by Miikka Salomaki.
9:58 of 1st period - Stopped by Christopher Gibson with a rebound.
10:00 of 1st period - Snap shot by Robbie Earl.
10:00 of 1st period - Shot Blocked by Matt Kassian.
10:02 of 1st period - Snap shot by Robbie Earl.
10:02 of 1st period - Shot Blocked by Tyler Shattock.
11:01 of 1st period - Wrist shot by Miikka Salomaki.
11:01 of 1st period - Stopped by Christopher Gibson with a rebound.
11:03 of 1st period - Wrist shot by Robbie Earl.
11:03 of 1st period - Stopped by Christopher Gibson with a rebound.
11:05 of 1st period - Snap shot by Robbie Earl.
11:05 of 1st period - Stopped by Christopher Gibson without a rebound.
11:06 of 1st period - Anders Lee wins face-off versus Radek Faksa in Inferno zone.
11:31 of 1st period - Matthew Nieto is hit by Carter Ashton and loses puck.
12:03 of 1st period - Icing by John Quenneville.
12:04 of 1st period - John Quenneville wins face-off versus Anders Lee in Punishers zone.
12:15 of 1st period - Slapshot by Tyler Bertuzzi.
12:15 of 1st period - Shot Misses the Net.
12:17 of 1st period - Slapshot by Brett Kulak.
12:17 of 1st period - Shot Blocked by Jimmy Hayes.
12:29 of 1st period - Tyler Bertuzzi is hit by Philip Varone and loses puck.
14:03 of 1st period - Snap shot by Matt Kassian.
14:03 of 1st period - Shot Blocked by Carter Ashton.
15:05 of 1st period - Wrist shot by Jimmy Hayes.
15:05 of 1st period - Deflect By Anders Lee.
15:05 of 1st period - Stopped by Louis Domingue without a rebound.
15:06 of 1st period - Anders Lee wins face-off versus Daniel Audette in Punishers zone.
15:11 of 1st period - Snap shot by Jimmy Hayes.
15:11 of 1st period - Stopped by Louis Domingue without a rebound.
15:12 of 1st period - Radek Faksa wins face-off versus Anders Lee in Punishers zone.
15:19 of 1st period - Slapshot by Miikka Salomaki.
15:19 of 1st period - Stopped by Christopher Gibson without a rebound.
15:20 of 1st period - Miikka Salomaki wins face-off versus Anders Lee in Inferno zone.
15:35 of 1st period - Slava Voynov is hit by Jimmy Hayes and loses puck.
15:42 of 1st period - Colby Robak is hit by Slava Voynov and loses puck.
15:49 of 1st period - Snap shot by Robbie Earl.
15:49 of 1st period - Goal by Robbie Earl - Punishers : 1 - Inferno : 0.
15:50 of 1st period - Anders Lee wins face-off versus Robbie Earl in neutral zone.
16:43 of 1st period - Colby Robak is hit by Tyler Bertuzzi and loses puck.
17:26 of 1st period - Slapshot by Slava Voynov.
17:26 of 1st period - Shot Misses the Net.
17:28 of 1st period - Wrist shot by Robbie Earl.
17:28 of 1st period - Stopped by Christopher Gibson without a rebound.
17:29 of 1st period - Elias Lindholm wins face-off versus Anders Lee in Inferno zone.
17:30 of 1st period - Snap shot by Carter Ashton.
17:30 of 1st period - Shot Blocked by David Savard.
17:32 of 1st period - Snap shot by Elias Lindholm.
17:32 of 1st period - Shot Misses the Net.
17:34 of 1st period - Wrist shot by Andreas Athanasiou.
17:34 of 1st period - Goal by Andreas Athanasiou - Punishers : 2 - Inferno : 0.
17:35 of 1st period - Anders Lee wins face-off versus Radek Faksa in neutral zone.
18:00 of 1st period - Matthew Nieto is hit by Elias Lindholm and loses puck.
18:05 of 1st period - Wrist shot by Carter Ashton.
18:05 of 1st period - Shot Misses the Net.
18:15 of 1st period - Minor Penalty to Carter Ashton for Hooking.
18:16 of 1st period - Anders Lee wins face-off versus Robbie Earl in Punishers zone.
18:23 of 1st period - Christian Folin is hit by Robbie Earl and loses puck.
18:30 of 1st period - Snap shot by Miikka Salomaki.
18:30 of 1st period - Deflect By Robbie Earl.
18:30 of 1st period - Stopped by Christopher Gibson with a rebound.
19:00 of 1st period - Madison Bowey is hit by Tyler Shattock.
Goals for this period are 2 for Punishers vs 0 for Inferno.
Shots for this period are 18 for Punishers vs 8 for Inferno.

2nd period


0:01 of 2nd period - Anders Lee wins face-off versus Robbie Earl in neutral zone.
0:14 of 2nd period - Snap shot by Kevin Labanc.
0:14 of 2nd period - Shot Misses the Net.
0:15 of 2nd period - Penalty to Carter Ashton is over, Carter Ashton is back on ice.
0:16 of 2nd period - Slapshot by Christian Folin.
0:16 of 2nd period - Deflect By Tanner Pearson.
0:16 of 2nd period - Stopped by Louis Domingue without a rebound.
0:17 of 2nd period - Victor Rask wins face-off versus Andreas Athanasiou in Punishers zone.
0:18 of 2nd period - Slapshot by Esa Lindell.
0:18 of 2nd period - Stopped by Louis Domingue with a rebound.
1:05 of 2nd period - Matthew Nieto is hit by Tyler Bertuzzi and loses puck.
1:28 of 2nd period - Wrist shot by Ryan Spooner.
1:28 of 2nd period - Deflect By Barclay Goodrow.
1:28 of 2nd period - Stopped by Louis Domingue with a rebound.
2:16 of 2nd period - Wrist shot by Matt Kassian.
2:16 of 2nd period - Shot Blocked by Madison Bowey.
2:18 of 2nd period - Slapshot by Matt Kassian.
2:18 of 2nd period - Goal by Matt Kassian - Punishers : 2 - Inferno : 1.
2:19 of 2nd period - Radek Faksa wins face-off versus Anders Lee in neutral zone.
3:49 of 2nd period - Mathieu Brodeur is hit by Slava Voynov and loses puck.
4:42 of 2nd period - Off-side.
4:43 of 2nd period - Anders Lee wins face-off versus Elias Lindholm in neutral zone.
5:08 of 2nd period - Frank Corrado is hit by Austen Brassard and loses puck.
5:16 of 2nd period - Off-side.
5:17 of 2nd period - Elias Lindholm wins face-off versus Anders Lee in neutral zone.
6:01 of 2nd period - Snap shot by Matt Kassian.
6:01 of 2nd period - Shot Misses the Net.
6:03 of 2nd period - Snap shot by Victor Rask.
6:03 of 2nd period - Stopped by Louis Domingue with a rebound.
6:29 of 2nd period - Slapshot by Michael Joly.
6:29 of 2nd period - Stopped by Christopher Gibson without a rebound.
6:30 of 2nd period - Philip Varone wins face-off versus Radek Faksa in Inferno zone.
6:35 of 2nd period - Slapshot by Slava Voynov.
6:35 of 2nd period - Goal by Slava Voynov - Punishers : 3 - Inferno : 1.
6:36 of 2nd period - Radek Faksa wins face-off versus Anders Lee in neutral zone.
6:44 of 2nd period - Icing by David Savard.
6:45 of 2nd period - Radek Faksa wins face-off versus Anders Lee in Inferno zone.
7:44 of 2nd period - Wrist shot by Tanner Pearson.
7:44 of 2nd period - Shot Misses the Net.
8:09 of 2nd period - Snap shot by Tanner Pearson.
8:09 of 2nd period - Stopped by Louis Domingue with a rebound.
8:12 of 2nd period - Icing by Slava Voynov.
8:13 of 2nd period - Radek Faksa wins face-off versus Philip Varone in Punishers zone.
8:26 of 2nd period - Wrist shot by Miikka Salomaki.
8:26 of 2nd period - Shot Misses the Net.
8:28 of 2nd period - Snap shot by Robbie Earl.
8:28 of 2nd period - Stopped by Christopher Gibson with a rebound.
9:18 of 2nd period - Slapshot by Philip Varone.
9:18 of 2nd period - Stopped by Louis Domingue with a rebound.
9:36 of 2nd period - Slapshot by Kevin Labanc.
9:36 of 2nd period - Shot Misses the Net.
9:46 of 2nd period - Frank Corrado is hit by Radek Faksa and loses puck.
9:55 of 2nd period - Frank Corrado is hit by Slava Voynov and loses puck.
10:16 of 2nd period - Wrist shot by Philip Varone.
10:16 of 2nd period - Stopped by Louis Domingue with a rebound.
10:44 of 2nd period - Slapshot by Radek Faksa.
10:44 of 2nd period - Shot Hit the Post.
10:48 of 2nd period - Snap shot by Miikka Salomaki.
10:48 of 2nd period - Stopped by Christopher Gibson with a rebound.
10:50 of 2nd period - Snap shot by Radek Faksa.
10:50 of 2nd period - Stopped by Christopher Gibson with a rebound.
10:54 of 2nd period - Slapshot by Miikka Salomaki.
10:54 of 2nd period - Stopped by Christopher Gibson without a rebound.
10:55 of 2nd period - Carter Ashton wins face-off versus Anders Lee in Inferno zone.
10:58 of 2nd period - Snap shot by Andreas Athanasiou.
10:58 of 2nd period - Stopped by Christopher Gibson without a rebound.
10:59 of 2nd period - Anders Lee wins face-off versus Elias Lindholm in Inferno zone.
11:01 of 2nd period - Icing by Colby Robak.
11:02 of 2nd period - Elias Lindholm wins face-off versus Anders Lee in Inferno zone.
11:03 of 2nd period - Snap shot by Carter Ashton.
11:03 of 2nd period - Stopped by Christopher Gibson with a rebound.
11:17 of 2nd period - Wrist shot by Carter Ashton.
11:17 of 2nd period - Stopped by Christopher Gibson without a rebound.
11:18 of 2nd period - John Quenneville wins face-off versus Victor Rask in Inferno zone.
11:31 of 2nd period - Snap shot by Matt Kassian.
11:31 of 2nd period - Shot Misses the Net.
11:33 of 2nd period - Wrist shot by Victor Rask.
11:33 of 2nd period - Shot Misses the Net.
12:05 of 2nd period - Wrist shot by Andreas Athanasiou.
12:05 of 2nd period - Shot Misses the Net.
12:29 of 2nd period - Wrist shot by Esa Lindell.
12:29 of 2nd period - Deflect By Victor Rask.
12:29 of 2nd period - Stopped by Louis Domingue without a rebound.
12:30 of 2nd period - Victor Rask wins face-off versus Daniel Audette in Punishers zone.
12:39 of 2nd period - Victor Rask is hit by Brett Kulak and loses puck.
13:53 of 2nd period - Icing by Tanner Pearson.
13:54 of 2nd period - Anders Lee wins face-off versus Elias Lindholm in Inferno zone.
13:54 of 2nd period - Anders Lee is hit by Carter Ashton.
14:18 of 2nd period - Icing by Matt Kassian.
14:19 of 2nd period - Victor Rask wins face-off versus John Quenneville in Inferno zone.
14:23 of 2nd period - Off-side.
14:24 of 2nd period - Elias Lindholm wins face-off versus Anders Lee in neutral zone.
14:29 of 2nd period - Slapshot by Carter Ashton.
14:29 of 2nd period - Goal by Carter Ashton - Punishers : 4 - Inferno : 1.
14:30 of 2nd period - Anders Lee wins face-off versus Elias Lindholm in neutral zone.
14:59 of 2nd period - Slapshot by Tyler Bertuzzi.
14:59 of 2nd period - Stopped by Christopher Gibson without a rebound.
15:00 of 2nd period - Philip Varone wins face-off versus Radek Faksa in Inferno zone.
15:25 of 2nd period - Carter Ashton is hit by Anders Lee and loses puck.
15:41 of 2nd period - Icing by Madison Bowey.
15:42 of 2nd period - Victor Rask wins face-off versus John Quenneville in Punishers zone.
15:46 of 2nd period - Icing by Brett Kulak.
15:47 of 2nd period - Victor Rask wins face-off versus John Quenneville in Punishers zone.
16:26 of 2nd period - Slapshot by Tyler Bertuzzi.
16:26 of 2nd period - Stopped by Christopher Gibson without a rebound.
16:27 of 2nd period - Elias Lindholm wins face-off versus Anders Lee in Inferno zone.
16:38 of 2nd period - Slapshot by Esa Lindell.
16:38 of 2nd period - Goal by Esa Lindell - Punishers : 4 - Inferno : 2.
16:39 of 2nd period - Elias Lindholm wins face-off versus Anders Lee in neutral zone.
16:57 of 2nd period - Slava Voynov is hit by Jimmy Hayes.
17:17 of 2nd period - Minor Penalty to Matthew Nieto for Roughing.
17:18 of 2nd period - Philip Varone wins face-off versus Radek Faksa in Inferno zone.
17:18 of 2nd period - Philip Varone is hit by Robbie Earl.
17:50 of 2nd period - Snap shot by Slava Voynov.
17:50 of 2nd period - Deflect By Elias Lindholm.
17:50 of 2nd period - Shot Blocked by Mathieu Brodeur.
17:50 of 2nd period - Puck is out of play.
17:51 of 2nd period - Carter Ashton wins face-off versus Philip Varone in Inferno zone.
17:52 of 2nd period - Wrist shot by Elias Lindholm.
17:52 of 2nd period - Deflect By Carter Ashton.
17:52 of 2nd period - Shot Misses the Net.
17:52 of 2nd period - Puck is out of play.
17:53 of 2nd period - Elias Lindholm wins face-off versus Philip Varone in Inferno zone.
18:34 of 2nd period - Matt Kassian is hit by Keith Yandle and loses puck.
19:17 of 2nd period - Penalty to Matthew Nieto is over, Matthew Nieto is back on ice.
19:33 of 2nd period - Wrist shot by Matthew Nieto.
19:33 of 2nd period - Stopped by Louis Domingue with a rebound.
19:53 of 2nd period - Backhand shot by Matt Kassian.
19:53 of 2nd period - Shot Misses the Net.
19:55 of 2nd period - Slapshot by Frank Corrado.
19:55 of 2nd period - Deflect By Matt Kassian.
19:55 of 2nd period - Stopped by Louis Domingue with a rebound.
19:57 of 2nd period - Slapshot by Victor Rask.
19:57 of 2nd period - Goal by Victor Rask - Punishers : 4 - Inferno : 3.
19:58 of 2nd period - Philip Varone wins face-off versus Elias Lindholm in neutral zone.
Goals for this period are 2 for Punishers vs 3 for Inferno.
Shots for this period are 12 for Punishers vs 13 for Inferno.

3rd period


0:01 of 3rd period - Anders Lee wins face-off versus Elias Lindholm in neutral zone.
0:38 of 3rd period - Wrist shot by Kevin Labanc.
0:38 of 3rd period - Stopped by Louis Domingue without a rebound.
0:39 of 3rd period - Victor Rask wins face-off versus Carter Ashton in Punishers zone.
0:40 of 3rd period - Snap shot by Matt Kassian.
0:40 of 3rd period - Stopped by Louis Domingue with a rebound.
0:48 of 3rd period - Snap shot by Andreas Athanasiou.
0:48 of 3rd period - Stopped by Christopher Gibson with a rebound.
0:50 of 3rd period - Snap shot by Elias Lindholm.
0:50 of 3rd period - Stopped by Christopher Gibson with a rebound.
0:52 of 3rd period - Wrist shot by Andreas Athanasiou.
0:52 of 3rd period - Shot Blocked by Victor Rask.
0:54 of 3rd period - Slapshot by Brett Kulak.
0:54 of 3rd period - Shot Misses the Net.
1:04 of 3rd period - Robbie Earl is hit by Mathieu Brodeur.
1:07 of 3rd period - Off-side.
1:08 of 3rd period - Radek Faksa wins face-off versus Anders Lee in neutral zone.
1:15 of 3rd period - Wrist shot by Miikka Salomaki.
1:15 of 3rd period - Shot Misses the Net.
1:21 of 3rd period - Slapshot by David Savard.
1:21 of 3rd period - Deflect By Jimmy Hayes.
1:21 of 3rd period - Stopped by Louis Domingue without a rebound.
1:22 of 3rd period - Elias Lindholm wins face-off versus Anders Lee in Punishers zone.
1:29 of 3rd period - Tanner Pearson is hit by Carter Ashton and loses puck.
1:36 of 3rd period - Slapshot by Andreas Athanasiou.
1:36 of 3rd period - Stopped by Christopher Gibson without a rebound.
1:37 of 3rd period - Philip Varone wins face-off versus Radek Faksa in Inferno zone.
1:41 of 3rd period - Minor Penalty to Radek Faksa for Hooking.
1:42 of 3rd period - Miikka Salomaki wins face-off versus Tanner Pearson in Punishers zone.
1:58 of 3rd period - Slapshot by Christian Folin.
1:58 of 3rd period - Stopped by Louis Domingue without a rebound.
1:59 of 3rd period - Victor Rask wins face-off versus Robbie Earl in Punishers zone.
3:16 of 3rd period - Colby Robak is hit by Miikka Salomaki and loses puck.
3:41 of 3rd period - Penalty to Radek Faksa is over, Radek Faksa is back on ice.
6:12 of 3rd period - Slapshot by Carter Ashton.
6:12 of 3rd period - Stopped by Christopher Gibson with a rebound.
6:22 of 3rd period - Minor Penalty to Christian Folin for Close Hand On Puck.
6:23 of 3rd period - Radek Faksa wins face-off versus Philip Varone in Inferno zone.
7:06 of 3rd period - Snap shot by Carter Ashton.
7:06 of 3rd period - Shot Misses the Net.
8:22 of 3rd period - Penalty to Christian Folin is over, Christian Folin is back on ice.
8:55 of 3rd period - Christian Folin is hit by Slava Voynov and loses puck.
9:23 of 3rd period - David Savard is hit by Slava Voynov.
10:13 of 3rd period - Miikka Salomaki is hit by Tyler Shattock and loses puck.
10:24 of 3rd period - Carter Ashton is hit by Christian Folin and loses puck.
10:31 of 3rd period - Snap shot by Ryan Spooner.
10:31 of 3rd period - Shot Blocked by Brett Kulak.
10:47 of 3rd period - Robbie Earl is hit by Anders Lee and loses puck.
11:20 of 3rd period - Icing by Austen Brassard.
11:21 of 3rd period - Jimmy Hayes wins face-off versus John Quenneville in Punishers zone.
11:22 of 3rd period - Snap shot by Tanner Pearson.
11:22 of 3rd period - Shot Blocked by Keith Yandle.
11:42 of 3rd period - Slapshot by Slava Voynov.
11:42 of 3rd period - Stopped by Christopher Gibson without a rebound.
11:43 of 3rd period - Elias Lindholm wins face-off versus Philip Varone in Inferno zone.
12:32 of 3rd period - Icing by David Savard.
12:33 of 3rd period - Philip Varone wins face-off versus Radek Faksa in Inferno zone.
12:33 of 3rd period - Philip Varone is hit by Robbie Earl.
13:00 of 3rd period - Backhand shot by Philip Varone.
13:00 of 3rd period - Goal by Philip Varone - Punishers : 4 - Inferno : 4.
13:01 of 3rd period - Radek Faksa wins face-off versus Anders Lee in neutral zone.
13:26 of 3rd period - Keith Yandle is hit by Matt Kassian and loses puck.
13:33 of 3rd period - Backhand shot by Matt Kassian.
13:33 of 3rd period - Stopped by Louis Domingue with a rebound.
13:35 of 3rd period - Slapshot by Matt Kassian.
13:35 of 3rd period - Inferno goal is going for a video replay.
13:35 of 3rd period - The goal is refused. The referee deems the play has been stopped, even if he had not physically had the opportunity to stop play by blowing his whistle..
13:36 of 3rd period - Anders Lee wins face-off versus Radek Faksa in Punishers zone.
13:47 of 3rd period - Snap shot by Anders Lee.
13:47 of 3rd period - Stopped by Louis Domingue without a rebound.
13:48 of 3rd period - Radek Faksa wins face-off versus Anders Lee in Punishers zone.
14:01 of 3rd period - Backhand shot by David Savard.
14:01 of 3rd period - Stopped by Louis Domingue with a rebound.
14:03 of 3rd period - Snap shot by Tanner Pearson.
14:03 of 3rd period - Inferno goal is going for a video replay.
14:03 of 3rd period - The goal is good.
14:03 of 3rd period - Goal by Tanner Pearson - Punishers : 4 - Inferno : 5.
14:04 of 3rd period - Radek Faksa wins face-off versus Anders Lee in neutral zone.
14:29 of 3rd period - Elias Lindholm is hit by Kevin Labanc and loses puck.
16:33 of 3rd period - John Quenneville is hit by Tyler Shattock and loses puck.
16:42 of 3rd period - Ben Betker is hit by Matt Kassian and loses puck.
16:53 of 3rd period - Snap shot by Jimmy Hayes.
16:53 of 3rd period - Shot Misses the Net.
17:01 of 3rd period - Slapshot by Ben Betker.
17:01 of 3rd period - Stopped by Christopher Gibson without a rebound.
17:02 of 3rd period - Elias Lindholm wins face-off versus Philip Varone in Inferno zone.
17:07 of 3rd period - Slapshot by Keith Yandle.
17:07 of 3rd period - Shot Blocked by Matthew Nieto.
17:23 of 3rd period - Matthew Nieto is hit by Elias Lindholm and loses puck.
17:38 of 3rd period - Snap shot by Kevin Labanc.
17:38 of 3rd period - Goal by Kevin Labanc - Punishers : 4 - Inferno : 6.
17:39 of 3rd period - Matt Kassian wins face-off versus John Quenneville in neutral zone.
18:06 of 3rd period - Radek Faksa is hit by Anders Lee and loses puck.
19:11 of 3rd period - Slapshot by Tyler Shattock.
19:11 of 3rd period - Deflect By Victor Rask.
19:11 of 3rd period - Shot Blocked by Madison Bowey.
19:11 of 3rd period - Puck is out of play.
19:12 of 3rd period - Tyler Bertuzzi wins face-off versus Victor Rask in Punishers zone.
19:12 of 3rd period - Tyler Bertuzzi is hit by Victor Rask.
19:28 of 3rd period - Wrist shot by Tyler Shattock.
19:28 of 3rd period - Shot Misses the Net.
19:40 of 3rd period - Tyler Shattock is hit by Austen Brassard and loses puck.
Goals for this period are 0 for Punishers vs 3 for Inferno.
Shots for this period are 6 for Punishers vs 11 for Inferno.